2859 views
Uploaded 2020-02-27 00:06:50
Game version 1.32.2
10:18 long 1on1 ladder game on (4)TwistedMeadows
Saved by Grim
2859 views
Uploaded 2020-02-27 00:06:50
Game version 1.32.2
10:18 long 1on1 ladder game on (4)TwistedMeadows

12 units @ 1.4k
/ 0k
10 buildings @ 1.7k
/ 0.5k



| Rod of Necromancy | 2 | 300 |
| Sacrificial Skull | 1 | 50 |
| Orb of Corruption | 1 | 375 |
| Scroll of Healing | 1 | 250 |
| Staff of Teleportation | 1 | 150 |
| total: | 6 | 1125g |
| Acolyte | 2 | 150 | / | 0 |
| Ghoul | 9 | 1080 | / | 0 |
| Obsidian Statue | 1 | 200 | / | 35 |
| total: | 12 | 1430g | / | 35w |
| Nerubian Tower | 1 | 100 | / | 20 |
| Crypt | 2 | 400 | / | 100 |
| Altar of Darkness | 1 | 180 | / | 50 |
| Ziggurat | 4 | 600 | / | 200 |
| Tomb of Relics | 1 | 130 | / | 30 |
| Graveyard | 1 | 215 | / | 0 |
| Slaughterhouse | 1 | 140 | / | 135 |
| Halls of the Dead | 1 | 320 | / | 210 |
| Black Citadel | 1 | 325 | / | 230 |
| total: | 10 | 1665g | / | 515w |
| 0:02 | Acolyte |
| 0:05 | Crypt |
| 0:11 | Altar of Darkness |
| 0:14 | Acolyte |
| 0:32 | Ziggurat |
| 0:49 | Tomb of Relics |
| 1:07 | Ghoul |
| 1:09 | Ghoul |
| 1:26 | Ziggurat |
| 1:37 | Ghoul |
| 1:49 | Ghoul |
| 2:02 | Ghoul |
| 2:19 | Frost Nova |
| 2:20 | Rod of Necromancy |
| 2:28 | Nerubian Tower |
| 2:58 | Halls of the Dead |
| 3:36 | Ghoul |
| 3:38 | Dark Ritual |
| 3:47 | Ghoul |
| 4:01 | Graveyard |
| 4:56 | Ghoul |
| 4:58 | Ziggurat |
| 5:23 | Frost Nova |
| 5:50 | Black Citadel |
| 5:55 | Staff of Teleportation |
| 6:14 | Slaughterhouse |
| 6:29 | Ziggurat |
| 7:05 | Death Coil |
| 7:07 | Unholy Armor |
| 7:20 | Obsidian Statue |
| 7:30 | Rod of Necromancy |
| 7:36 | Sacrificial Skull |
| 7:39 | Ghoul |
| 8:14 | Ghoul Frenzy |
| 8:24 | Improved Unholy Armor |
| 8:39 | Crypt |
| 9:01 | Orb of Corruption |
| 9:18 | Sleep |
| 9:26 | Scroll of Healing |
| 10:13 | Unholy Aura |
| Right click | 767 |
| Select group | 407 |
| Assign group | 353 |
| Select | 178 |
| Build/train/purchase | 44 |
| Use ability | 17 |
| Misc. action | 10 |
| Item give/drop | 1 |
13 units @ 1.9k
/ 0.2k
10 buildings @ 1.6k
/ 0.5k



| Rod of Necromancy | 2 | 300 |
| Potion of Healing | 1 | 150 |
| total: | 3 | 450g |
| Acolyte | 4 | 300 | / | 0 |
| Ghoul | 4 | 480 | / | 0 |
| Crypt Fiend | 5 | 1075 | / | 200 |
| total: | 13 | 1855g | / | 200w |
| Nerubian Tower | 1 | 100 | / | 20 |
| Crypt | 1 | 200 | / | 50 |
| Altar of Darkness | 1 | 180 | / | 50 |
| Ziggurat | 5 | 750 | / | 250 |
| Graveyard | 1 | 215 | / | 0 |
| Tomb of Relics | 1 | 130 | / | 30 |
| Slaughterhouse | 1 | 140 | / | 135 |
| Halls of the Dead | 1 | 320 | / | 210 |
| Black Citadel | 2 | 650 | / | 460 |
| total: | 10 | 1615g | / | 515w |
| 0:03 | Acolyte |
| 0:03 | Acolyte |
| 0:11 | Crypt |
| 0:37 | Altar of Darkness |
| 0:41 | Ziggurat |
| 0:56 | Graveyard |
| 1:12 | Ghoul |
| 1:28 | Tomb of Relics |
| 1:34 | Ghoul |
| 1:51 | Ghoul |
| 2:26 | Halls of the Dead |
| 2:35 | Rod of Necromancy |
| 2:51 | Ghoul |
| 3:00 | Ziggurat |
| 3:04 | Death Coil |
| 3:37 | Ziggurat |
| 4:13 | Crypt Fiend |
| 4:26 | Ziggurat |
| 4:29 | Nerubian Tower |
| 4:54 | Unholy Aura |
| 5:27 | Crypt Fiend |
| 5:54 | Black Citadel |
| 6:21 | Crypt Fiend |
| 6:25 | Rod of Necromancy |
| 6:27 | Potion of Healing |
| 6:33 | Ziggurat |
| 6:41 | Burrow |
| 6:44 | Frost Nova |
| 7:28 | Crypt Fiend |
| 7:35 | Slaughterhouse |
| 8:27 | Death Coil |
| 8:32 | Creature Attack |
| 8:40 | Destroyer Form |
| 8:53 | Frost Armor |
| 8:56 | Black Arrow |
| 9:10 | Acolyte |
| 9:10 | Acolyte |
| 9:58 | Crypt Fiend |
| Right click | 794 |
| Select | 252 |
| Select group | 196 |
| Misc. action | 68 |
| Assign group | 54 |
| Build/train/purchase | 46 |
| Use ability | 13 |